 Dungeon Crawl Stone Soup version 0.28.0-53-g5a82cb258f (webtiles) character file.

Game seed: 11640082050188981008

41 issech the Chopper (level 3, -2/33 HPs)
             Began as a Minotaur Monk on May 24, 2022.
             Slain by Crazy Yiuf
             ... wielding a +2 quarterstaff of chaos
              (6 damage)
             ... on level 2 of the Dungeon.
             The game lasted 00:04:05 (1746 turns).

issech the Chopper (Minotaur Monk)                  Turns: 1746, Time: 00:04:05

Health: -2/33      AC:  8    Str: 15    XL:     3   Next: 32%
Magic:  2/2        EV: 11    Int:  7    God:
Gold:   46         SH:  0    Dex: 14    Spells: 2/2 levels left

rFire   . . .      SeeInvis .   a - +0 hand axe
rCold   . . .      Faith    .   (no shield)
rNeg    . . .      Spirit   .   u - +0 chain mail
rPois   .          Reflect  .   (helmet restricted)
rElec   .          Harm     .   (no cloak)
rCorr   .          Rampage  .   (no gloves)
Will    .....                   (no boots)
Stlth   ..........              (no amulet)
HPRegen 0.11/turn               f - ring of flight
MPRegen 0.08/turn               e - +4 ring of evasion

@: flying
A: horns 2, retaliatory headbutt
a: no special abilities


You were on level 2 of the Dungeon.
You visited 1 branch of the dungeon, and saw 2 of its levels.

You collected 46 gold pieces.

Inventory:

Hand Weapons
 a - a +0 hand axe (weapon)
 g - a +0 club
 s - a +0 hand axe
Missiles
 c - 49 stones (quivered)
 i - 67 sling bullets
 m - 21 arrows
Armour
 b - a +0 robe
 h - a +0 ring mail
 k - a +0 robe
 l - a +0 leather armour
 q - a +0 robe
 u - a +0 chain mail (worn)
 v - a +0 robe
 y - a +0 leather armour
Jewellery
 e - a +4 ring of evasion (right hand)
 f - a ring of flight (left hand)
 x - an amulet of faith
Scrolls
 d - a scroll of teleportation {unknown}
 n - 2 scrolls of blinking {unknown}
 o - a scroll of torment {unknown}
 r - a scroll of fog {unknown}
 t - 2 scrolls of identify {unknown}
 w - a scroll of enchant weapon {unknown}
 A - a scroll of vulnerability {unknown}
 B - a scroll of immolation {unknown}
Potions
 j - a potion of mutation {unknown}
 p - a potion of curing {unknown}
 z - a potion of flight {unknown}


   Skills:
 + Level 4.1 Fighting
 + Level 4.3 Axes
 + Level 3.8 Dodging
 + Level 1.8 Stealth


You had 2 spell levels left.
You didn't know any spells.
Your spell library was empty.

Dungeon Overview and Level Annotations

Branches:
Dungeon (2/15)

Altars:
The Shining One

Annotations:
D:2 Crazy Yiuf


Innate Abilities, Weirdness & Mutations

You have a pair of horns on your head.
You reflexively headbutt those who attack you in melee.


Message History

The frilled lizard bites you but does no damage.
You hit the frilled lizard.
You kill the frilled lizard!
You see here a frilled lizard corpse.
Crazy Yiuf shouts!
Crazy Yiuf laughs, "Citrus bush chair!"
Could not explore, unopened runed door.
You reach down and open the door.
You closely miss Crazy Yiuf. Crazy Yiuf closely misses you.
You hit Crazy Yiuf.
Crazy Yiuf is lightly wounded.
Crazy Yiuf closely misses you.
You hit Crazy Yiuf but do no damage. Your headbutt misses Crazy Yiuf.
Crazy Yiuf is lightly wounded.
Crazy Yiuf barely misses you.
You hit Crazy Yiuf but do no damage. You headbutt Crazy Yiuf.
Crazy Yiuf is heavily wounded.
Crazy Yiuf barely misses you.
You hit Crazy Yiuf. You headbutt Crazy Yiuf.
Crazy Yiuf is severely wounded.
Crazy Yiuf hits you with a +2 quarterstaff of chaos!
You barely miss Crazy Yiuf.
Crazy Yiuf is severely wounded.
Crazy Yiuf barely misses you.
Crazy Yiuf hits you with a +2 quarterstaff of chaos!
You hit Crazy Yiuf.
Crazy Yiuf is almost dead.
Crazy Yiuf hits you with a +2 quarterstaff of chaos.
* * * LOW HITPOINT WARNING * * *
Crazy Yiuf draws strength from your wounds!
You barely miss Crazy Yiuf.
Crazy Yiuf is severely wounded.
Crazy Yiuf hits you with a +2 quarterstaff of chaos.
* * * LOW HITPOINT WARNING * * *
Crazy Yiuf freezes you.
* * * LOW HITPOINT WARNING * * *
You hit Crazy Yiuf but do no damage.
Crazy Yiuf is severely wounded.
Crazy Yiuf hits you with a +2 quarterstaff of chaos.
You die...

####### #......#
#.#########< #
########
#........... #
############ # #####
#... # #..)# #.## #
#...# #.## # ...
#... # #g# ###. #
##@# #. #.## #. ##.#
#. ############ #.##
#. ...........#
##.## #.
############ #...##
#. #....# ########
#. #....#
#......####.
#....####.###.###...


You could see Crazy Yiuf.

Vanquished Creatures
  An adder (D:2)
  A worm (D:2)
  4 ball pythons
  2 bats
  3 endoplasms
  2 giant cockroaches
  2 goblins
  4 hobgoblins (D:2)
  A quokka (D:2)
  3 frilled lizards (D:2)
  A kobold (D:1)
  2 rats (D:1)
26 creatures vanquished.

Notes
Turn   | Place    | Note
-------+----------+-------------------------------------------
     0 | D:1      | issech the Minotaur Monk began the quest for the Orb.
     0 | D:1      | Reached XP level 1. HP: 19/19 MP: 0/0
   398 | D:1      | Reached XP level 2. HP: 27/27 MP: 1/1
   779 | D:2      | Found a runed translucent door.
   780 | D:2      | Noticed Crazy Yiuf
   860 | D:2      | Reached XP level 3. HP: 33/33 MP: 2/2
  1377 | D:2      | Found a glowing golden altar of the Shining One.
  1746 | D:2      | Slain by Crazy Yiuf

Illustrated notes

Levels and vault maps discovered:
D:1:      nicolae_arrival_washed_ashore, layout_rooms, grunt_decor_fettered
D:2:      layout_basic, basic_altar, uniq_crazy_yiuf_cottage

Skill      XL: |  1  2 |
---------------+-------+-----
Fighting       | 4 |  4.1
Axes           | 4 |  4.3
Dodging        | |  3.8
Stealth        | |  1.8

Action                   || total
-------------------------++-------
Melee: Hand axe          ||    64
       Headbutt          ||     6
       Punch             ||     1
 Stab: Sleeping          ||     1
Armor: Ring mail         ||    12
       Chain mail        ||     7
Dodge: Dodged            ||    45
